 Dungeon Crawl Stone Soup version 0.23.0 (webtiles) character file.

Game seed: 10219630992703372970

2584 inmateoo the Covered (level 9, -3/74 HPs)
             Began as a Gnoll Wanderer on Feb 12, 2019.
             Was a Believer of Cheibriados.
             Slain by a two-headed ogre
             ... wielding a cursed -1 giant club
              (33 damage)
             ... on level 8 of the Dungeon.
             The game lasted 00:08:43 (8115 turns).

inmateoo the Covered (Gnoll Wanderer)               Turns: 8115, Time: 00:08:44

Health: -3/74      AC:  9    Str: 18    XL:     9   Next: 58%
Magic:  24/24      EV: 14    Int: 25    God:    Cheibriados [**....]
Gold:   410        SH:  0    Dex: 17    Spells: 16/16 levels left

rFire    . . .     SeeInvis .     - Unarmed
rCold    . . .     Gourm    .   (no shield)
rNeg     . . .     Faith    .   z - +2 leather armour of the Gloaming {Int-2 Slay+6}
rPois    .         Spirit   .   l - +2 hat
rElec    .         Reflect  .   m - +0 cloak
rCorr    .         Harm     .   (no gloves)
MR       .....                  (no boots)
Stlth    +++.......             B - amulet of regeneration
HPRegen  0.22/turn              (no ring)
MPRegen  0.19/turn              v - ring of magical power

@: very slow
A: distributed training, fangs 1, strong nose
a: Bend Time, Renounce Religion


You were on level 8 of the Dungeon.
You worshipped Cheibriados.
Cheibriados was pleased with you.
You were not hungry.

You visited 2 branches of the dungeon, and saw 9 of its levels.

You collected 410 gold pieces.

Inventory:

Hand Weapons
 a - a +2 hand crossbow
Missiles
 b - 12 bolts
 h - 10 tomahawks (quivered)
Armour
 k - a +0 helmet
 l - a +2 hat (worn)
 m - a +0 cloak (worn)
 u - a +2 robe of the Archmagi
 w - a +2 leather armour of magic resistance
 z - the +2 leather armour of the Gloaming (worn) {Int-2 Slay+6}
   (You found it on level 7 of the Dungeon)

   It affects your intelligence (-2).
   It affects your accuracy and damage with ranged weapons and melee attacks
   (+6).
Magical Staves
 x - an uncursed staff of air
Jewellery
 v - a ring of magical power (right hand)
 B - an amulet of regeneration (around neck)
Wands
 j - a wand of polymorph (19)
 r - a wand of paralysis (2)
 y - a wand of iceblast (9)
Scrolls
 e - 4 scrolls of identify
 g - a scroll of enchant weapon {unknown}
 q - 3 scrolls of remove curse
Potions
 c - 3 potions of curing
 d - a potion of heal wounds
 i - a potion of ambrosia
 n - a potion of haste
 o - a potion of berserk rage
 p - a potion of invisibility
 s - a potion of might
 A - a potion of flight
Comestibles
 f - 18 rations


   Skills:
 + Level 7.9 Fighting
 + Level 4.3 Short Blades
 + Level 4.3 Long Blades
 + Level 4.3 Axes
 + Level 4.3 Maces & Flails
 + Level 4.3 Polearms
 + Level 4.3 Staves
 + Level 4.3 Slings
 + Level 5.1 Bows
 + Level 5.1 Crossbows
 + Level 5.1 Throwing
 + Level 7.9 Armour
 + Level 4.3 Dodging
 + Level 5.0 Stealth
 + Level 4.3 Shields
 + Level 4.3 Unarmed Combat
 + Level 4.3 Spellcasting
 + Level 3.5 Conjurations
 + Level 3.5 Hexes
 + Level 3.5 Charms
 + Level 3.5 Summonings
 + Level 3.5 Necromancy
 + Level 3.5 Translocations
 + Level 3.5 Transmutations
 + Level 3.5 Fire Magic
 + Level 3.5 Ice Magic
 + Level 3.5 Air Magic
 + Level 3.5 Earth Magic
 + Level 3.5 Poison Magic
 + Level 4.7 Invocations
 + Level 4.3 Evocations


You had 16 spell levels left.
You didn't know any spells.
Your spell library was empty.

Dungeon Overview and Level Annotations

Branches:
Dungeon (8/15)             Temple (1/1) D:5            Lair (0/6) D:8

Altars:
Ashenzari
Cheibriados
Dithmenos
Elyvilon
Gozag
Nemelex Xobeh
Qazlal
Sif Muna
Uskayaw
Wu Jian
Yredelemnul
The Shining One


Innate Abilities, Weirdness & Mutations

Your experience applies equally to all skills.
You have very sharp teeth.
Your uncanny sense of smell can sniff out nearby items.


Message History

Unknown command.
Evoke which item? (* to show all) (? for menu, Esc to quit)
Aiming: Iceblast
Press: ? - help, Shift-Dir - straight line, f/p - two-headed ogre
Aim: a two-headed ogre, wielding a -1 giant club and a +0 giant club (lightly wounded)
The mass of ice explodes!
The iceblast engulfs the two-headed ogre!
The two-headed ogre is moderately wounded.
The iceblast engulfs the two-headed ogre!
The two-headed ogre is heavily wounded.
Unknown command.
Unknown command.
Unknown command.
Evoke which item? (* to show all) (? for menu, Esc to quit)
Aiming: Paralyse
Press: ? - help, Shift-Dir - straight line, f/p - two-headed ogre
Aim: a two-headed ogre, wielding a -1 giant club and a +0 giant club (moderately wounded, chance to defeat MR: 41%)
The two-headed ogre resists with some effort.
The two-headed ogre hits you with a cursed -1 giant club!!
You die...

### ############## ..#
#..).##......# ..########
#....##......#
..#......####....#.......####
..'.........'...@OO........>##
..#......####....#o._........#
###......# #....#...........##
######## ###+##............#
## ##...........# ..
#...........# .. #...........#
.. #.##+##........ .. #.
#.....###


You could see 2 two-headed ogres and an orc warrior.

Vanquished Creatures
  A hippogriff (D:7)
  Sigmund (D:3)
  A spriggan (D:7)
  Eustachio (D:6)
  Menkaure (D:6)
  2 ice beasts
  2 orc warriors
  2 ogres
  2 centaurs
  A bullfrog (D:7)
  3 scorpions
  2 howler monkeys
  3 crimson imps
  A bullfrog zombie (D:4)
  A hound (D:7)
  A jelly (D:5)
  An orc priest (D:8)
  Crazy Yiuf (D:5)
  2 bullfrog skeletons
  A centaur skeleton (D:5)
  2 iguanas
  5 orc wizards
  3 worker ants
  A hound skeleton (D:7)
  Robin (D:1)
  4 gnolls (D:6)
  7 adders
  2 shadow imps
  4 oozes
  An adder zombie (D:5)
  5 worms
  A dart slug (D:1)
  2 leopard geckos
  11 orcs
  3 giant cockroaches
  12 goblins
  5 hobgoblins
  12 jackals
  4 quokkas
  A ball python (D:3)
  8 bats
  A frilled lizard (D:3)
  A jackal skeleton (D:5)
  4 kobolds
  A leopard gecko skeleton (D:5)
  A leopard gecko zombie (D:5)
  11 rats
  A fungus (D:5)
144 creatures vanquished.

Notes
Turn   | Place    | Note
-------+----------+-------------------------------------------
     0 | D:1      | inmateoo the Gnoll Wanderer began the quest for the Orb.
     0 | D:1      | inmateoo set off with the following items: a +2 hand
                  | crossbow, 27 bolts, a potion of curing, a +0 ring mail, a
                  | ration
     0 | D:1      | Reached XP level 1. HP: 23/23 MP: 1/1
   115 | D:1      | Reached XP level 2. HP: 29/29 MP: 2/2
   442 | D:1      | Reached XP level 3. HP: 35/35 MP: 3/3
   582 | D:2      | Noticed Robin
   773 | D:2      | Noticed a +0 dagger
   774 | D:2      | Found a hide-covered altar of Uskayaw.
   774 | D:2      | Noticed a +0 hand axe
   790 | D:2      | Reached skill level 1 in Invocations
   890 | D:2      | Found a glowing golden altar of the Shining One.
   963 | D:2      | Reached skill level 1 in Short Blades
   963 | D:2      | Reached skill level 1 in Long Blades
   963 | D:2      | Reached skill level 1 in Axes
   963 | D:2      | Reached skill level 1 in Maces & Flails
   963 | D:2      | Reached skill level 1 in Polearms
   963 | D:2      | Reached skill level 1 in Staves
   963 | D:2      | Reached skill level 1 in Slings
   963 | D:2      | Reached skill level 1 in Dodging
   963 | D:2      | Reached skill level 1 in Shields
   963 | D:2      | Reached skill level 1 in Unarmed Combat
   963 | D:2      | Reached skill level 1 in Spellcasting
   963 | D:2      | Reached skill level 1 in Evocations
   976 | D:2      | Noticed an ogre
  1308 | D:2      | Reached XP level 4. HP: 39/41 MP: 5/5
  1343 | D:1      | Killed Robin
  1560 | D:2      | Killed an ogre
  1560 | D:2      | Reached skill level 1 in Conjurations
  1560 | D:2      | Reached skill level 1 in Hexes
  1560 | D:2      | Reached skill level 1 in Charms
  1560 | D:2      | Reached skill level 1 in Summonings
  1560 | D:2      | Reached skill level 1 in Necromancy
  1560 | D:2      | Reached skill level 1 in Translocations
  1560 | D:2      | Reached skill level 1 in Transmutations
  1560 | D:2      | Reached skill level 1 in Fire Magic
  1560 | D:2      | Reached skill level 1 in Ice Magic
  1560 | D:2      | Reached skill level 1 in Air Magic
  1560 | D:2      | Reached skill level 1 in Earth Magic
  1560 | D:2      | Reached skill level 1 in Poison Magic
  1560 | D:2      | Reached XP level 5. HP: 26/47 MP: 5/7
  1620 | D:2      | Found a sparkling altar of Nemelex Xobeh.
  2326 | D:3      | Noticed Sigmund
  2332 | D:3      | Killed Sigmund
  2332 | D:3      | Reached XP level 6. HP: 50/53 MP: 7/9
  2722 | D:4      | Reached XP level 7. HP: 44/59 MP: 10/10
  3753 | D:5      | Entered Level 5 of the Dungeon
  3911 | D:5      | Found a staircase to the Ecumenical Temple.
  3925 | Temple   | Entered the Ecumenical Temple
  4045 | Temple   | Became a worshipper of Cheibriados the Contemplative
  4091 | D:5      | Found Etamomn's Armour Shoppe.
  4103 | D:5      | HP: 3/60 [ice beast (13)]
  4109 | D:5      | Reached XP level 8. HP: 24/67 MP: 12/12
  5322 | D:5      | Reached * piety under Cheibriados
  5572 | D:5      | Found a runed translucent door.
  5573 | D:5      | Noticed Crazy Yiuf
  5578 | D:5      | Killed Crazy Yiuf
  6343 | D:6      | Found a deep blue altar of Sif Muna.
  6446 | D:6      | Noticed Eustachio
  6463 | D:6      | Killed Eustachio
  6567 | D:6      | Noticed Menkaure
  6575 | D:6      | Killed Menkaure
  6575 | D:6      | Reached XP level 9. HP: 23/72 MP: 14/14
  7088 | D:7      | Found a white marble altar of Elyvilon.
  7147 | D:7      | Reached ** piety under Cheibriados
  7392 | D:7      | Reached skill level 5 in Bows
  7392 | D:7      | Reached skill level 5 in Crossbows
  7392 | D:7      | Reached skill level 5 in Throwing
  7664 | D:7      | Got a transparent leather armour
  7675 | D:7      | Identified the +2 leather armour of the Gloaming {Int-2
                  | Slay+6} (You found it on level 7 of the Dungeon)
  7855 | D:8      | Reached skill level 5 in Stealth
  8082 | D:8      | Found a shattered altar of Ashenzari.
  8094 | D:8      | Noticed a two-headed ogre
  8094 | D:8      | Noticed a two-headed ogre
  8102 | D:8      | Found a staircase to the Lair.
  8102 | D:8      | Noticed a troll
  8115 | D:8      | Slain by a two-headed ogre

Skill      XL: |  1  2  3  4  5  6  7  8  9 |
---------------+----------------------------+-----
Invocations    | 1 2 3 4 |  4.7
Short Blades   | 1 2 3 4 |  4.3
Long Blades    | 1 2 3 4 |  4.3
Axes           | 1 2 3 4 |  4.3
Maces & Flails | 1 2 3 4 |  4.3
Polearms       | 1 2 3 4 |  4.3
Staves         | 1 2 3 4 |  4.3
Slings         | 1 2 3 4 |  4.3
Dodging        | 1 2 3 4 |  4.3
Shields        | 1 2 3 4 |  4.3
Unarmed Combat | 1 2 3 4 |  4.3
Spellcasting   | 1 2 3 4 |  4.3
Evocations     | 1 2 3 4 |  4.3
Conjurations   | 1 2 3 |  3.5
Hexes          | 1 2 3 |  3.5
Charms         | 1 2 3 |  3.5
Summonings     | 1 2 3 |  3.5
Necromancy     | 1 2 3 |  3.5
Translocations | 1 2 3 |  3.5
Transmutations | 1 2 3 |  3.5
Fire Magic     | 1 2 3 |  3.5
Ice Magic      | 1 2 3 |  3.5
Air Magic      | 1 2 3 |  3.5
Earth Magic    | 1 2 3 |  3.5
Poison Magic   | 1 2 3 |  3.5
Bows           | 3 4 5 |  5.1
Crossbows      | 3 4 5 |  5.1
Throwing       | 3 4 5 |  5.1
Stealth        | 3 4 5 |  5.0
Fighting       | 7 |  7.9
Armour         | 7 |  7.9

Action                   |  1- 3 |  4- 6 |  7- 9 || total
-------------------------+-------+-------+-------++-------
Melee: Unarmed           |     8 |    42 |   397 ||   447
       Bite              |       |     5 |    47 ||    52
       Hand crossbow     |       |       |     5 ||     5
       Staff             |       |       |    12 ||    12
       Punch             |       |       |     9 ||     9
 Fire: Hand crossbow     |    69 |    79 |   120 ||   268
Evoke: Wand              |       |       |     8 ||     8
  Use: Scroll            |       |       |    18 ||    18
       Potion            |       |       |     4 ||     4
 Stab: Paralysed         |       |       |    16 ||    16
       Sleeping          |       |       |     5 ||     5
  Eat: Chunk             |     1 |     4 |    10 ||    15
       Ration            |       |       |     1 ||     1
Armor: Ring mail         |     9 |    44 |   113 ||   166
       Skin              |       |       |     4 ||     4
       Leather armour    |       |       |    34 ||    34
Dodge: Dodged            |    21 |    49 |   270 ||   340
